 Dungeon Crawl Stone Soup version 0.25-a0-290-g4a1327e (webtiles) character file.

Game seed: 4945738322045063514, levelgen mode: deterministic

900 MrTaco21 the Skirmisher (level 8, 0/51 HPs)
             Began as a Gargoyle Fighter on Dec 14, 2019.
             Killed by nerve-wracking pain
             ... invoked by an orc priest
              (6 damage)
             ... on level 5 of the Dungeon.
             The game lasted 00:18:07 (5229 turns).

MrTaco21 the Skirmisher (Gargoyle Fighter)          Turns: 5229, Time: 00:18:07

Health: 0/51       AC: 17    Str: 22    XL:     8   Next: 7%
Magic:  8/8        EV:  6    Int:  9    God:
Gold:   377        SH: 10    Dex:  9    Spells: 7/7 levels left

rFire    + . .     SeeInvis .   f - +0 mace (curse)
rCold    x . .     Gourm    .   c - +0 shield
rNeg     + . .     Faith    .   i - +0 chain mail
rPois    ∞         Spirit   .   v - +2 hat
rElec    +         Reflect  .   (no cloak)
rCorr    .         Harm     .   (no gloves)
MR       .....                  (no boots)
Stlth    ..........             (no amulet)
HPRegen  0.17/turn              u - ring of fire
MPRegen  0.11/turn              (no ring)

@: no status effects
A: negative energy resistance 1, electricity resistance, unbreathing,
petrification resistance, rot immunity, AC +5
a: no special abilities


You were on level 5 of the Dungeon.
You were very hungry.

You visited 1 branch of the dungeon, and saw 6 of its levels.

You collected 377 gold pieces.

Inventory:

Hand Weapons
 a - a +0 flail
 f - a cursed +0 mace (weapon)
   (You found it on level 1 of the Dungeon)
Armour
 c - a +0 shield (worn)
 i - a +0 chain mail (worn)
   (You found it on level 2 of the Dungeon)
 v - a +2 hat (worn)
   (You found it on level 6 of the Dungeon)
Jewellery
 u - a ring of fire (left hand)
   (You found it on level 5 of the Dungeon)
Scrolls
 g - a scroll of remove curse {unknown}
 h - 2 scrolls of identify {@r1}
 j - 3 scrolls of teleportation {@r4}
 k - 2 scrolls of enchant weapon
 p - 3 scrolls of amnesia
 q - a scroll of fog {unknown}
Potions
 b - 2 potions of brilliance {unknown}
 d - 4 potions of might
 l - a potion of mutation {unknown}
 m - a potion of flight {unknown}
 n - 3 potions of curing {unknown}
 o - a potion of heal wounds {unknown}
 s - a potion of resistance {unknown}
Comestibles
 e - 7 rations {!d}


   Skills:
 + Level 5.9 Fighting
 + Level 4.8 Maces & Flails
 + Level 5.8 Armour
 + Level 5.8 Shields


You had 7 spell levels left.
You didn't know any spells.
Your spell library was empty.

Dungeon Overview and Level Annotations

Branches:
Dungeon (6/15)
 Temple: D:4-7

Altars:
Fedhas
Makhleb
Nemelex Xobeh
Vehumet
Wu Jian
Xom
Yredelemnul
The Shining One

Shops:
D:6 ?

Annotations:
D:5 1 runed translucent door, Despondentz's ghost, novice TrMo
D:6 Menkaure


Innate Abilities, Weirdness & Mutations

You are resistant to torment.
Your stone body is resilient. (AC +5)
You are immune to poison.
You resist negative energy. (rN+)
You are resistant to electric shocks. (rElec)
You can survive without breathing.
You are immune to petrification.
You are immune to rotting.


Message History

Something completely misses you.
You closely miss something. Something hits you but does no damage.
The orc priest barely misses you. Something hits you but does no damage.
You are too confused!
You are too confused!
You are too confused!
You are too confused!
You are too confused!
You are too confused!
Unknown command.
You are too confused!
You are too confused!
You are too confused!
You are too confused!
You are too confused!
You are too confused!
You are too confused!
You feel less confused.
The orc priest calls down the wrath of Beogh upon you.
Pain shoots through your body!
A magic dart appears from out of thin air!
The magic dart hits you!
There is a stone staircase leading up here.
You hit the orc priest.
The orc priest calls down the wrath of Beogh upon you.
Beogh smites you!
* * * LOW HITPOINT WARNING * * *
The orc priest barely misses you. You block something's attack.
You climb upwards.
Level annotation: 1 runed translucent door, Despondentz's ghost, novice TrMo Reactivating autopickup.
There is a stone staircase leading down here.
You hit the orc priest but do no damage.
The orc priest calls down the wrath of Beogh upon you.
Beogh smites you!
* * * LOW HITPOINT WARNING * * *
Something hits you but does no damage.
Deactivating autopickup; reactivate with Ctrl-A.
You block the orc priest's attack.
You closely miss the orc priest.
You hear some strange, mumbled words.
A puff of flame appears from out of thin air!
The puff of flame hits you. You resist.
* * * LOW HITPOINT WARNING * * *
Something hits you but does no damage.
The orc priest calls down the wrath of Beogh upon you.
Pain shoots through your body!
You die...

#.................#...
#..#.........####.#...
##.####.##...####.#...
#................'...
#.##.####...#.####...
#.##.# #.#.#.#....#.
#.##.# #.#.#.#......
#####.##[####.#.#.#......
#......o@[............<..
#.....#######.######.....
#.....# #.#..........
#.....# #.#.#########
#.....# #.#.######...
#.....# #.#......'...
#.....# #.########...
#.....# #.# #.......
####### #.# ##.......


You could see an orc priest.

Vanquished Creatures
  A black bear (D:5)
  An ogre (D:5)
  A centaur (D:6)
  2 bullfrogs
  A jelly (D:5)
  3 crimson imps
  2 orc priests (D:5)
  A hound (D:6)
  An orc wizard (D:6)
  Jessica (D:2)
  Ijyb (D:4)
  2 iguanas (D:6)
  A worker ant (D:4)
  3 gnolls (D:4)
  3 adders
  An ooze (D:1)
  A worm (D:3)
  3 dart slugs
  3 leopard geckos
  8 orcs
  8 giant cockroaches
  3 hobgoblins
  4 quokkas
  2 ball pythons
  4 bats
  4 frilled lizards
  3 goblins
  A jackal skeleton (D:5)
  5 kobolds
  A rat (D:2)
75 creatures vanquished.

Notes
Turn   | Place    | Note
-------+----------+-------------------------------------------
     0 | D:1      | MrTaco21 the Gargoyle Fighter began the quest for the Orb.
     0 | D:1      | Reached XP level 1. HP: 14/14 MP: 1/1
   137 | D:1      | Reached XP level 2. HP: 13/19 MP: 2/2
   630 | D:2      | Reached XP level 3. HP: 23/23 MP: 3/3
   630 | D:2      | Noticed Jessica
   645 | D:2      | Killed Jessica
   657 | D:2      | Reached XP level 4. HP: 20/29 MP: 4/4
  1810 | D:4      | Noticed Ijyb
  2134 | D:4      | Reached XP level 5. HP: 33/33 MP: 5/5
  2310 | D:4      | Killed Ijyb
  2563 | D:5      | Entered Level 5 of the Dungeon
  2754 | D:5      | Found a runed translucent door.
  2756 | D:5      | Noticed Despondentz's ghost (novice TrMo)
  2798 | D:5      | Found an ornate altar of the Wu Jian Council.
  2799 | D:5      | Found a shimmering altar of Xom.
  2799 | D:5      | Found a blossoming altar of Fedhas.
  2799 | D:5      | Found a sparkling altar of Nemelex Xobeh.
  2800 | D:5      | Found a glowing golden altar of the Shining One.
  2879 | D:5      | Found a burning altar of Makhleb.
  2879 | D:5      | Found a radiant altar of Vehumet.
  2932 | D:5      | Reached XP level 6. HP: 35/39 MP: 6/6
  3006 | D:5      | Found a basalt altar of Yredelemnul.
  3682 | D:6      | Noticed a black bear
  3735 | D:6      | Reached skill level 5 in Fighting
  3735 | D:6      | Reached skill level 5 in Armour
  3735 | D:6      | Reached skill level 5 in Shields
  3735 | D:6      | Reached XP level 7. HP: 44/44 MP: 7/7
  4729 | D:6      | Noticed Menkaure
  4961 | D:6      | Found Tygonay's Magic Scroll Boutique.
  4999 | D:5      | Reached XP level 8. HP: 23/51 MP: 8/8
  5229 | D:5      | Killed from afar by an orc priest

Levels and vault maps discovered:
D:1:      dpeg_arrival_rooms_c, layout_rooms, roderic_three_in_a_row
D:2:      layout_basic, uniq_jessica
D:3:      layout_loops_cross, serial_bayou_pond_a
D:4:      layout_basic, first_ration, uniq_ijyb
D:5:      layout_basic, grunt_temple_overflow_lords_of_destruction,
          lemuel_doored_altar, grunt_temple_overflow_open, ebering_ghost_sewer_d
D:6:      layout_rooms, minmay_temple_entry_tees, serial_shops, shop_scrolls,
          minmay_circle_x, uniq_sigmund, uniq_duvessa, uniq_menkaure

Skill      XL: |  1  2  3  4  5  6 |
---------------+-------------------+-----
Fighting       | 4 5 |  5.9
Armour         | 4 5 |  5.8
Shields        | 4 5 |  5.8
Maces & Flails | 3 4 |  4.8

Action                   |  1- 3 |  4- 6 |  7- 9 || total
-------------------------+-------+-------+-------++-------
Melee: Mace              |    86 |   285 |   149 ||   520
  Use: Scroll            |       |     4 |       ||     4
  Eat: Chunk             |       |     7 |       ||     7
       Ration            |       |     1 |     1 ||     2
Armor: Scale mail        |    26 |       |       ||    26
       Chain mail        |    56 |   167 |   156 ||   379
Dodge: Dodged            |    36 |    63 |    53 ||   152
Block: Shield            |    65 |   142 |   115 ||   322

Table legend:
 A = Non-vault XP
 B = Vault XP
 C = Vault XP percentage of total XP
 D = Non-vault monster count
 E = Vault monster count
 F = Vault count percentage of total count
                 A         B        C        D         E       F
            +---------+---------+-------+---------+---------+-------
      Total |     963 |     323 |  25.1 |      69 |       6 |   8.0
            +---------+---------+-------+---------+---------+-------
        D:1 |      25 |       0 |   0.0 |      10 |       0 |   0.0
        D:2 |      25 |      37 |  59.7 |      10 |       1 |   9.1
        D:3 |      47 |       0 |   0.0 |      15 |       0 |   0.0
        D:4 |      88 |      36 |  29.0 |      10 |       1 |   9.1
        D:5 |     519 |      98 |  15.9 |      17 |       2 |  10.5
        D:6 |     259 |     152 |  37.0 |       7 |       2 |  22.2
            +---------+---------+-------+---------+---------+-------
